 Dungeon Crawl Stone Soup version 0.27-a0-695-gb4952372f7 (webtiles) character file.

Game seed: 17985702677295212296

49 Essalna the Digger (level 3, 0/20 HPs)
             Began as a Gargoyle Earth Elementalist on Mar 22, 2021.
             Killed from afar by Sigmund (8 damage)
             ... with a magic dart
             ... on level 2 of the Dungeon.
             The game lasted 00:03:31 (2175 turns).

Essalna the Digger (Gargoyle Earth Elementalist)    Turns: 2175, Time: 00:03:31

Health: 0/20       AC:  5    Str: 11    XL:     3   Next: 75%
Magic:  4/6        EV: 12    Int: 16    God:
Gold:   51         SH:  0    Dex: 10    Spells: 6/7 levels left

rFire    . . .     SeeInvis .   f - +0 short sword (elec)
rCold    . . .     Faith    .   (no shield)
rNeg     + . .     Spirit   .   c - +0 robe
rPois    ∞         Reflect  .   (no helmet)
rElec    +         Harm     .   (no cloak)
rCorr    .         Rampage  .   (no gloves)
Will     .....                  (no boots)
Stlth    ++........             (no amulet)
HPRegen  0.06/turn              (no ring)
MPRegen  0.10/turn              (no ring)

@: no status effects
A: AC +3, negative energy resistance 1, electricity resistance, torment
resistance 1, unbreathing 1, petrification resistance
a: no special abilities


You were on level 2 of the Dungeon.
You visited 1 branch of the dungeon, and saw 2 of its levels.

You collected 51 gold pieces.

Inventory:

Hand Weapons
 a - a +0 short sword
 f - a +0 short sword of electrocution (weapon)
Missiles
 b - 90 stones
Armour
 c - a +0 robe (worn)
Scrolls
 g - a scroll of immolation {unknown}
Potions
 d - a potion of lignification {unknown}
 e - a potion of attraction {unknown}
 h - 2 potions of berserk rage {unknown}


   Skills:
 + Level 0.5 Fighting
 + Level 0.7 Armour
 + Level 1.7 Dodging
 - Level 2.1 Stealth
 + Level 2.5 Spellcasting
 + Level 1.5 Transmutations
 + Level 4.2 Earth Magic


You had 6 spell levels left.
You knew the following spells:

 Your Spells              Type           Power      Damage    Failure   Level
a - Sandblast             Erth           30%        2d9       3%          1

Your spell library contained the following spells:

 Spells                   Type           Power      Damage    Failure   Level
 Passwall                 Tmut/Erth      9%         N/A       9%          2
 Stone Arrow              Conj/Erth      16%        3d8       24%         3
 Petrify                  Tmut/Erth      11%        N/A       52%         4
 Lee's Rapid Deconstruct  Erth           7%         3d8*      67%         5


Dungeon Overview and Level Annotations

Branches:
Dungeon (2/15)

Altars:
Elyvilon

Annotations:
D:2 Sigmund


Innate Abilities, Weirdness & Mutations

Your stone body is resilient. (AC +3)
You are immune to poison.
You resist negative energy. (rN+)
You are resistant to electric shocks. (rElec)
You are resistant to unholy torment.
You can survive without breathing.
You are immune to petrification.


Message History

Key pressed, stopping explore.
Key pressed, stopping explore.
Key pressed, stopping explore.
A bat comes into view.
A bat is nearby!
A bat is nearby!
A bat is nearby!
The bat hits you but does no damage. The bat barely misses you.
You closely miss the bat. The bat misses you.
The bat hits you but does no damage. The bat closely misses you.
The bat misses you. The bat closely misses you.
You hit the bat.
You kill the bat!
No target in view!
No target in view!
Key pressed, stopping explore.
Found a white marble altar of Elyvilon.
Sigmund the Dreaded comes into view.
He is wielding a +0 scythe.
Sigmund is nearby!
You can't see any susceptible monsters within range! (Use Z to cast anyway.)
The blast of sand hits Sigmund!
Sigmund is moderately wounded.
Sigmund shouts!
Sigmund casts a spell at you. The puff of flame hits you!
Ouch! That really hurt!
You are too injured to fight recklessly!
Casting: Sandblast (safe; 3% risk of failure)
Confirm with . or Enter, or press ? or * to list all spells.
Aiming: Sandblast (safe; 3% risk of failure)
Press: ? - help, Shift-Dir - straight line, f/p - Sigmund
Aim: Sigmund, wielding a +0 scythe and wearing a +0 robe (moderately wounded, 23% to evade)
The blast of sand hits Sigmund.
Sigmund is heavily wounded.
Sigmund says, "You will soon forget everything."
Sigmund points at you and mumbles some strange words.
The magic dart hits you!
You die...

#. .. #. #. #. ..
♣♣♣♣♣# #.
.##♣....♣#
#@#.#♣.....⌠♣
#... ♣...._.♣
#..##♣.....⌠♣
#.@#♣......♣#
#..#♣.....♣#
#..#♣.....♣
##.#♣.....♣
#.##♣....♣
#..#♣....♣
##.##♣...♣# #
#..#♣♣...♣# #
##.###♣♣..♣######


You could see Sigmund.

Vanquished Creatures
  An adder (D:2)
  2 worms (D:2)
  A ball python (D:1)
  3 giant cockroaches (D:1)
  3 goblins
  4 hobgoblins
  A quokka (D:1)
  7 bats
  A frilled lizard (D:1)
  6 kobolds
  3 rats (D:1)
32 creatures vanquished.

Notes
Turn   | Place    | Note
-------+----------+-------------------------------------------
     0 | D:1      | Essalna the Gargoyle Earth Elementalist began the quest for
                  | the Orb.
     0 | D:1      | Reached XP level 1. HP: 10/10 MP: 3/3
   343 | D:1      | Reached skill level 1 in Transmutations
   469 | D:1      | Reached XP level 2. HP: 15/15 MP: 0/5
   696 | D:1      | Reached skill level 4 in Earth Magic
  1488 | D:2      | Reached XP level 3. HP: 19/19 MP: 3/6
  2137 | D:2      | Found a white marble altar of Elyvilon.
  2169 | D:2      | Noticed Sigmund
  2175 | D:2      | Killed from afar by Sigmund

Illustrated notes

Levels and vault maps discovered:
D:1:      elethiomel_arrival_quiet, layout_loops_corners, minmay_crystal_room
D:2:      layout_basic, kennysheep_ying_yang, palyth_stone_intersect,
          evilmike_ruin_ashenzari, uniq_sigmund

Skill      XL: |  1  2 |
---------------+-------+-----
Transmutations | 1 |  1.5
Earth Magic    | 4 |  4.2
Fighting       | |  0.5
Armour         | |  0.7
Dodging        | |  1.7
Stealth        | |  2.1
Spellcasting   | |  2.5

Action                   || total
-------------------------++-------
Melee: Short sword       ||    46
 Cast: Sandblast         ||    27
 Stab: Sleeping          ||     3
Armor: Robe              ||    14
Dodge: Dodged            ||    31

Table legend: (Time is in decaauts)
 A = Elapsed time spent in this place.
 B = Non-inter-level travel time spent in this place.
 C = Inter-level travel time spent in this place.
 D = Time resting spent in this place.
 E = Time spent auto-exploring this place.
 F = Levels seen in this place.
 G = Mean time per level.
                   A        B        C        D        E       F      G
               +--------+--------+--------+--------+--------+-----+--------+
         Total |   2178 |   2162 |     16 |      0 |   1959 |   2 | 1089.0 |
       Dungeon |   2178 |   2162 |     16 |      0 |   1959 |   2 | 1089.0 |
               +--------+--------+--------+--------+--------+-----+--------+

Top non-repeatable levels by time:
     D:1: 1486 daAuts
     D:2: 691 daAuts
